 Dungeon Crawl Stone Soup version 0.31-a0-1620-gcbf77bbcfc (webtiles) character file.

Game seed: 18422416695373354358

1317 Flugslaktarn the Fighter (level 8, -2/74 HPs)
             Began as a Minotaur Fighter on Jan 11, 2024.
             Killed from afar by a steam dragon (13 damage)
             ... with a ball of steam
             ... on level 6 of the Dungeon.
             The game lasted 00:02:28 (6335 turns).

Flugslaktarn the Fighter (Minotaur Fighter)         Turns: 6335, Time: 00:02:29

Health: -2/74      AC: 15    Str: 24    XL:     8   Next: 33%
Magic:  7/7        EV:  6    Int:  5    God:
Gold:   330        SH:  9    Dex:  9    Spells: 7/7 levels left

rFire   . . .        a - +0 war axe
rCold   . . .        w - +0 kite shield
rNeg    . . .        q - +0 plate armour
rPois   .            (helmet restricted)
rElec   .            m - +1 cloak
rCorr   .            (no gloves)
SInv    .            (no boots)
Will    .....        (no amulet) Stlth
                     (no ring)
HPRegen 0.32/turn    (no ring)
MPRegen 0.10/turn

%: no passive effects
@: no status effects
A: horns 2, retaliatory headbutt
a: no special abilities


You were on level 6 of the Dungeon.
You visited 1 branch of the dungeon, and saw 6 of its levels.
You also visited: Sewer.

You collected 330 gold pieces.

Inventory:

Hand Weapons
 a - a +0 war axe (weapon)
Armour
 b - a +0 scale mail
 c - a +0 buckler
 f - a +0 chain mail
   (You found it on level 1 of the Dungeon)
 m - a +1 cloak (worn)
   (You found it on level 3 of the Dungeon)
 q - a +0 plate armour (worn)
   (You found it on level 4 of the Dungeon)
 w - a +0 kite shield (worn)
   (You found it in a sewer)
Wands
 y - a wand of paralysis (1)
   (You found it on level 5 of the Dungeon)
Scrolls
 g - 3 scrolls of vulnerability {unknown}
 h - a scroll of fear {unknown}
 j - 3 scrolls of fog {unknown}
 l - 9 scrolls of identify {unknown}
 p - a scroll of immolation
 s - a scroll of enchant weapon {unknown}
 t - 2 scrolls of teleportation
 x - a scroll of noise {unknown}
 z - a scroll of blinking {unknown}
Potions
 d - a potion of might
 e - a potion of heal wounds {unknown}
 i - 5 potions of curing {unknown}
 k - 3 potions of lignification {unknown}
 n - 2 potions of degeneration {unknown}
 o - 2 potions of mutation {unknown}
 r - 2 potions of haste {unknown}
 u - 3 potions of enlightenment
 v - a potion of attraction {unknown}
Miscellaneous
 A - a lightning rod (4/4)
   (You found it on level 3 of the Dungeon)


   Skills:
 * Level 8.0 Fighting
 * Level 7.4 Axes
 + Level 6.1 Armour
 + Level 6.0 Shields


You had 7 spell levels left.
You didn't know any spells.
Your spell library contained the following spells:

 Spells                   Type           Power      Damage    Failure   Level
 Magic Dart               Conj           0%         1d3       100%        1
 Blink                    Tloc           0%         N/A       100%        2
 Call Imp                 Summ           0%         N/A       100%        2
 Ensorcelled Hibernation  Hex/Ice        0%         N/A       100%        2
 Lesser Beckoning         Tloc           0%         N/A       100%        2
 Momentum Strike          Conj/Tloc      0%         3d8       100%        2
 Fugue of the Fallen      Necr           0%         N/A       100%        3
 Anguish                  Hex/Necr       0%         N/A       100%        4


Dungeon Overview and Level Annotations

Branches:
Dungeon (6/15)              Sewer (visited)
 Temple: D:4-7

Altars:
Qazlal
Uskayaw
Wu Jian
Yredelemnul

Shops:
D:6 (

Annotations:
D:3 exclusion: door


Innate Abilities, Weirdness & Mutations

You have a pair of horns on your head.
You reflexively headbutt those who attack you in melee.


Message History

You see here a +0 spear.
Things that are here:
a +0 flail; a +0 leather armour
Found a stone staircase leading down.
Things that are here:
a +0 flail; a +0 leather armour You see here a +0 long sword.
There is a stone staircase leading up here.
Done exploring.
Done exploring.
Done exploring.
Done exploring.
There is a stone staircase leading down here.
You climb downwards.
There is a stone staircase leading up here.
Unknown command.
Found Nahyfuunk's Hydra Hut.
The seven-headed hydra roars!
There is an entrance to Nahyfuunk's Hydra Hut here.
There is a stone staircase leading up here.
An iguana comes into view.
The iguana hisses angrily.
An iguana is nearby!
An iguana is nearby!
An iguana is nearby!
The iguana bites you.
You slash the iguana!
The iguana is heavily wounded.
The iguana bites you.
You hit the iguana.
The iguana is severely wounded.
The iguana barely misses you. You furiously retaliate!
You headbutt the iguana!
You kill the iguana!
Your Fighting skill increases to level 8!
Your Shields skill increases to level 6!
No target in view!
No target in view!
No target in view!
HP restored.
You see here an iguana corpse.
You now have 313 gold pieces (gained 6).
An orc comes into view. It is wielding a +0 flail.
The orc shouts!
An orc is nearby!
An orc is nearby!
The orc hits you with a +0 flail.
You hit the orc. You headbutt the orc.
You kill the orc!
No target in view!
No target in view!
No target in view!
No target in view!
Things that are here:
a +0 flail; a +0 ring mail; an orc corpse
i - 5 fizzy inky potions (gained 2)
Found a stone staircase leading up.
No target in view!
You pick up a book of Dreams and begin reading...
You add the spells Ensorcelled Hibernation, Fugue of the Fallen and Anguish to your library.
You now have 330 gold pieces (gained 17).
There is a stone staircase leading up here.
g - 3 scrolls labelled FIKYIT SOCK (gained 1)
Found a stone staircase leading up.
No target in view!
No target in view!
No target in view!
No target in view!
No target in view!
Found a stone staircase leading down.
l - 9 scrolls labelled MUAREL LUTODGH (gained 2)
Found a chain mail.
An orc comes into view. It is wielding a +0 hand axe.
An orc is nearby!
The orc hits you but does no damage.
You slash the orc!
You kill the orc!
No target in view!
No target in view!
No target in view!
Found a short sword.
No target in view!
An ogre comes into view. It is wielding a +0 giant spiked club.
Found a scroll labelled KOLAFOLETE.
An ogre is nearby!
A steam dragon comes into view.
The steam dragon hisses angrily.
The ogre completely misses you. The steam dragon breathes steam at you.
The ball of steam hits you!
You slash the ogre! Your headbutt misses the ogre.
The ogre is heavily wounded.
You are engulfed in a cloud of scalding steam.
The ogre hits you with a +0 giant spiked club!!
You slash the ogre!
The ogre is severely wounded.
The ogre hits you with a +0 giant spiked club!!
* * * LOW HITPOINT WARNING * * *
The steam dragon breathes steam at you. The ball of steam hits you!
You die...

#.........#######
##.......##....
##.....##.#..... #
###....####.......
#.#####....###
##.......
.....#....##
#........
........###
#........
...)...§##
#........
.....§§@.#
##.......
.....§§O..#
#.......
.....§§§...#
#.......
....D§.....#
##......
.....§.....#
#......
.?..........
#......
............#
.......
.............
...... .^...#


You could see an ogre.

Vanquished Creatures
  Grinder (D:3)
  The ghost of bmj180 the Conjurer, an amateur HuCj (D:3)
  2 crocodiles (Sewer)
  A bullfrog (D:4)
  A scorpion (D:5)
  2 bombardier beetles
  4 hounds
  A jelly (D:4)
  A gnoll bouda (D:5)
  3 iguanas
  A sickly merfolk siren (Sewer)
  A malarious merfolk avatar (Sewer)
  2 orc wizards (D:3)
  Robin (D:2)
  5 gnolls
  2 river rats (Sewer)
  8 adders
  2 adder zombies (D:3)
  3 dart slugs
  A ribbon worm (D:3)
  9 orcs
  4 bats
  7 endoplasms
  5 giant cockroaches
  9 hobgoblins
  8 kobolds
  5 quokkas
  13 ball pythons
  8 frilled lizards (Sewer)
  15 goblins
  27 rats
153 creatures vanquished.

Notes
Turn   | Place    | Note
-------+----------+-------------------------------------------
     0 | D:1      | Flugslaktarn the Minotaur Fighter began the quest for the
                  | Orb.
     0 | D:1      | Reached XP level 1. HP: 19/19 MP: 0/0
    62 | D:1      | Reached XP level 2. HP: 10/27 MP: 1/1
    79 | D:1      | Reached skill level 4 in Fighting
   364 | D:1      | Reached XP level 3. HP: 25/33 MP: 2/2
  1109 | D:2      | Noticed Robin
  1111 | D:2      | Reached XP level 4. HP: 40/41 MP: 3/3
  1142 | D:2      | Killed Robin
  2066 | D:3      | Reached skill level 5 in Fighting
  2181 | D:3      | Reached XP level 5. HP: 48/48 MP: 4/4
  2407 | D:3      | Noticed a moth of wrath
  2569 | D:3      | Noticed Grinder
  2572 | D:3      | Found a basalt altar of Yredelemnul.
  2575 | D:3      | Paralysed by Grinder for 5 turns
  2587 | D:3      | Paralysed by Grinder for 3 turns
  2592 | D:3      | Killed Grinder
  2593 | D:3      | Reached skill level 5 in Axes
  2593 | D:3      | Reached XP level 6. HP: 42/57 MP: 5/5
  2800 | D:3      | Reached skill level 6 in Fighting
  3004 | D:3      | Found a runed translucent door.
  3006 | D:3      | Noticed bmj180's ghost (amateur HuCj)
  3423 | D:3      | Reached skill level 5 in Armour
  3427 | D:3      | Killed bmj180's ghost
  3428 | D:3      | Reached skill level 5 in Shields
  3428 | D:3      | Reached XP level 7. HP: 64/64 MP: 6/6
  3615 | D:4      | Found a hide-covered altar of Uskayaw.
  3704 | D:4      | Found a stormy altar of Qazlal.
  4421 | D:5      | Entered Level 5 of the Dungeon
  4458 | D:5      | Reached skill level 7 in Fighting
  4731 | D:5      | Found a glowing drain.
  4742 | Sewer    | Entered a sewer
  4920 | Sewer    | Reached XP level 8. HP: 68/73 MP: 7/7
  5712 | D:5      | Found an ornate altar of the Wu Jian Council.
  6085 | D:6      | Found Nahyfuunk's Hydra Hut.
  6086 | D:6      | Noticed a seven-headed hydra
  6143 | D:6      | Reached skill level 8 in Fighting
  6335 | D:6      | Killed from afar by a steam dragon

Illustrated notes

Levels and vault maps discovered:
D:1:      wander_arrival_abandoned_jail, layout_loops_ring
D:2:      layout_loops_corners, uniq_robin
D:3:      layout_basic, tgw_trog, lemuel_zombie_altar_yredelemnul,
          ebering_ghost_inner_flame, uniq_grinder
D:4:      layout_basic, kennysheep_little_box, overflow_temple_1_default
D:5:      layout_loops_ring, mainiacjoe_overflow_paths,
          mainiacjoe_sewer_entry_somewhere_in_here_1
D:6:      layout_cave_pods, minmay_temple_entry_proselytizer, minmay_holes,
          doesnt_shop_hydraphobe

Skill      XL: |  1  2  3  4  5  6  7  8 |
---------------+-------------------------+-----
Fighting       | 4 5 6 7 8 |  8.0
Axes           | 3 4 5 6 7 |  7.4
Shields        | 4 5 6 |  6.0
Armour         | 4 5 6 |  6.1

Action                     |  1- 3 |  4- 6 |  7- 9 || total
---------------------------+-------+-------+-------++-------
  Melee: War axe           |    67 |   111 |   177 ||   355
         Headbutt          |    10 |    17 |    26 ||    53
    Use: Potion            |       |     1 |       ||     1
 Armour: Scale mail        |    14 |       |       ||    14
         Chain mail        |    44 |   119 |    33 ||   196
         Plate armour      |       |       |   131 ||   131
  Dodge: Dodged            |    37 |    38 |    52 ||   127
  Block: Buckler           |     8 |    18 |    47 ||    73
         Kite shield       |       |       |     3 ||     3

Table legend: (Time is in decaauts)
 A = Elapsed time spent in this place.
 B = Non-inter-level travel time spent in this place.
 C = Inter-level travel time spent in this place.
 D = Time resting spent in this place.
 E = Time spent auto-exploring this place.
 F = Levels seen in this place.
 G = Mean time per level.
                   A        B        C        D        E       F      G
               +--------+--------+--------+--------+--------+-----+--------+
         Total |   6469 |   6259 |    210 |    449 |   4812 |   7 |  924.1 |
       Dungeon |   5939 |   5729 |    210 |    295 |   4641 |   6 |  989.8 |
         Sewer |    529 |    529 |      0 |    154 |    171 |   1 |  529.0 |
               +--------+--------+--------+--------+--------+-----+--------+

Top non-repeatable levels by time:
     D:3: 1496 daAuts
     D:5: 1197 daAuts
     D:2: 1178 daAuts
     D:4: 947 daAuts
     D:1: 868 daAuts
   Sewer: 529 daAuts
     D:6: 251 daAuts
